| TOP OF THE 1ST |
|
Detroit Tigers batting - Pitching for Baltimore Orioles : RHP Antonio Escobosa
|
|
Pitching: RHP Antonio Escobosa
|
|
|
Batting: LHB Frank McConnell
|
0-0: Swinging Strike 0-1: Foul Ball, location: 2F 0-2: Foul Ball, location: 2F 0-2: Strikes out looking
|
|
Batting: SHB Adam Weber
|
0-0: Ball 1-0: Called Strike 1-1: SINGLE (Groundball, 56S, EV 68.8 MPH) (infield hit)
|
|
Batting: LHB Morgan Black
|
0-0: Ball 1-0: Ball Adam Weber is caught stealing 2nd base 2-6 2-0: Called Strike 2-1: Ball 3-1: Foul Ball, location: 2F 3-2: Strikes out swinging
|
| Top of the 1st over - 0 runs, 1 hit, 0 errors, 0 left on base; Detroit 0 - Baltimore 0 |
| BOTTOM OF THE 1ST |
|
Baltimore Orioles batting - Pitching for Detroit Tigers : RHP Eric Putnam
|
|
Pitching: RHP Eric Putnam
|
|
|
Batting: RHB Rudo Garciaparra
|
0-0: Ball 1-0: Called Strike 1-1: Ball 2-1: Foul Ball, location: 2F 2-2: Ball 3-2: Base on Balls
|
|
Batting: RHB Saimei Kudo
|
0-0: Called Strike 0-1: Ball Rudo Garciaparra steals 2nd base 1-1: Called Strike 1-2: Ball 2-2: Ball 3-2: Base on Balls
|
|
Batting: LHB Brad Pepin
|
0-0: Called Strike 0-1: Foul Ball, location: 2F 0-2: Ball 1-2: Strikes out swinging
|
|
Batting: SHB Jason Hayes
|
0-0: 3-RUN HOME RUN (Flyball, 89XD, EV 108.8 MPH), Distance : 425 ft
|
|
Batting: SHB Robert Handy
|
0-0: Fly out, F8 (Flyball, 89M, EV 90.6 MPH)
|
|
Batting: RHB Marc Peckermark
|
0-0: Ball 1-0: Foul Ball, location: 2F 1-1: Called Strike 1-2: Ball 2-2: Strikes out swinging
|
| Bottom of the 1st over - 3 runs, 1 hit, 0 errors, 0 left on base; Detroit 0 - Baltimore 3 |
| TOP OF THE 2ND |
|
Detroit Tigers batting - Pitching for Baltimore Orioles : RHP Antonio Escobosa
|
|
Batting: LHB Conrad Taylor
|
0-0: Called Strike 0-1: Ball 1-1: Foul Ball, location: 2F 1-2: Strikes out swinging, 2-3 out at first.
|
|
Batting: SHB Ross Holland
|
0-0: Foul Ball, location: 2F 0-1: Swinging Strike 0-2: Ball 1-2: Ball 2-2: Foul Ball, location: 2F 2-2: Fly out, F9 (Flyball, 9S, EV 78.8 MPH)
|
|
Batting: RHB Adrian Novakovic
|
0-0: Ball 1-0: Foul Ball, location: 2F 1-1: Ball 2-1: Foul Ball, location: 2F 2-2: Foul Ball, location: 2F 2-2: Foul Ball, location: 2F 2-2: Fly out, F7 (Flyball, 78S, EV 89.4 MPH)
|
| Top of the 2nd over - 0 runs, 0 hits, 0 errors, 0 left on base; Detroit 0 - Baltimore 3 |
| BOTTOM OF THE 2ND |
|
Baltimore Orioles batting - Pitching for Detroit Tigers : RHP Eric Putnam
|
|
Batting: RHB Vince Jackson
|
0-0: SINGLE (Groundball, 4M, EV 105.6 MPH) (infield hit)
|
|
Batting: LHB Brian Feher
|
0-0: Called Strike Vince Jackson is caught stealing 2nd base 2-6 0-1: Swinging Strike 0-2: Strikes out looking
|
|
Batting: RHB Randy Johnson Jr.
|
0-0: Ball 1-0: Swinging Strike 1-1: Called Strike 1-2: Fly out, F8 (Flyball, 8LM, EV 81.9 MPH)
|
| Bottom of the 2nd over - 0 runs, 1 hit, 0 errors, 0 left on base; Detroit 0 - Baltimore 3 |
| TOP OF THE 3RD |
|
Detroit Tigers batting - Pitching for Baltimore Orioles : RHP Antonio Escobosa
|
|
Batting: LHB Bill Ford
|
0-0: Ball 1-0: SINGLE (Groundball, 56S, EV 67.5 MPH) (infield hit)
|
|
Batting: RHB Andres Leon
|
0-0: Called Strike 0-1: TRIPLE (Line Drive, 78XD, EV 105.6 MPH) Bill Ford scores
|
|
Batting: RHB Jerry Jauregui
|
0-0: Ball 1-0: Ball 2-0: SINGLE (Line Drive, 9LS, EV 100.0 MPH) Andres Leon scores
|
|
Batting: LHB Frank McConnell
|
0-0: Foul Ball, location: 2F 0-1: Ball 1-1: Ball 2-1: Swinging Strike 2-2: DOUBLE (Line Drive, 89XD, EV 106.9 MPH) Jerry Jauregui to third
|
|
Pitching: RHP Manny Rolfe
|
|
|
Batting: SHB Adam Weber
|
0-0: Ball 1-0: Fly out, F8 (Line Drive, 8RM, EV 97.5 MPH)
|
|
Batting: LHB Morgan Black
|
0-0: Ball 1-0: Called Strike 1-1: Ball 2-1: Ground out 4-3 (Groundball, 4, EV 106.9 MPH) Jerry Jauregui scores Frank McConnell to third
|
|
Batting: LHB Conrad Taylor
|
0-0: Ball 1-0: Foul Ball, location: 2F 1-1: Swinging Strike 1-2: Strikes out swinging
|
| Top of the 3rd over - 3 runs, 4 hits, 0 errors, 1 left on base; Detroit 3 - Baltimore 3 |
| BOTTOM OF THE 3RD |
|
Baltimore Orioles batting - Pitching for Detroit Tigers : RHP Eric Putnam
|
|
Batting: RHB Rudo Garciaparra
|
0-0: Ball 1-0: Called Strike 1-1: Ball 2-1: Foul Ball, location: 2F 2-2: Strikes out swinging
|
|
Batting: RHB Saimei Kudo
|
0-0: Ball 1-0: Swinging Strike 1-1: Ball 2-1: Fly out, F7 (Flyball, 78D, EV 101.2 MPH)
|
|
Batting: LHB Brad Pepin
|
0-0: Ball 1-0: Called Strike 1-1: Ball 2-1: Foul Ball, location: 2F 2-2: Foul Ball, location: 2F 2-2: Fly out, F7 (Line Drive, 78S, EV 95.6 MPH)
|
| Bottom of the 3rd over - 0 runs, 0 hits, 0 errors, 0 left on base; Detroit 3 - Baltimore 3 |
| TOP OF THE 4TH |
|
Detroit Tigers batting - Pitching for Baltimore Orioles : RHP Manny Rolfe
|
|
Pitching: RHP Chris Dauphin
|
|
|
Batting: SHB Ross Holland
|
0-0: Called Strike 0-1: Ball 1-1: Ground out 3-1 (Groundball, 34, EV 88.1 MPH)
|
|
Batting: RHB Adrian Novakovic
|
0-0: Called Strike 0-1: Foul Ball, location: 2F 0-2: Ball 1-2: Ball 2-2: Ball 3-2: Foul Ball, location: 2F 3-2: Strikes out looking
|
|
Batting: LHB Bill Ford
|
0-0: Ball 1-0: Foul Ball, location: 2F 1-1: Ball 2-1: Ball 3-1: Foul Ball, location: 2F 3-2: Foul Ball, location: 2F 3-2: Base on Balls
|
|
Pitching: RHP Jay Rapini
|
|
|
Batting: RHB Andres Leon
|
0-0: Called Strike Bill Ford steals 2nd base 0-1: Called Strike 0-2: Ball 1-2: Foul Ball, location: 2F 1-2: Ground out 6-3 (Groundball, 6, EV 84.4 MPH)
|
| Top of the 4th over - 0 runs, 0 hits, 0 errors, 1 left on base; Detroit 3 - Baltimore 3 |
| BOTTOM OF THE 4TH |
|
Baltimore Orioles batting - Pitching for Detroit Tigers : RHP Eric Putnam
|
|
Pitching: RHP Melvin Medellin
|
|
|
Batting: SHB Jason Hayes
|
0-0: Called Strike 0-1: Ball 1-1: Called Strike 1-2: Ground out 6-3 (Groundball, 4MD, EV 100.0 MPH)
|
|
Batting: SHB Robert Handy
|
0-0: Ball 1-0: Called Strike 1-1: Foul Ball, location: 2F 1-2: Ball 2-2: Ball 3-2: Base on Balls
|
|
Batting: RHB Marc Peckermark
|
0-0: Ball Passed Ball! Robert Handy to second 1-0: Called Strike 1-1: Foul Ball, location: 2F 1-2: Strikes out swinging
|
|
Batting: RHB Vince Jackson
|
0-0: Foul Ball, location: 2F 0-1: Ball 1-1: Called Strike 1-2: Strikes out swinging
|
| Bottom of the 4th over - 0 runs, 0 hits, 0 errors, 1 left on base; Detroit 3 - Baltimore 3 |
| TOP OF THE 5TH |
|
Detroit Tigers batting - Pitching for Baltimore Orioles : RHP Jay Rapini
|
|
Pitching: RHP Bobby Marble
|
|
|
Now at C: Eduardo Maldonado
|
|
|
Now at 2B: Bobby Melillo
|
|
|
Now at 3B: Alex Rodriguez Jr.
|
|
|
Now at SS: Travis Leonard
|
|
|
Now in CF: Tsutomu Miyahara
|
|
|
Now in RF: Ben Goldstein
|
|
|
Batting: RHB Jerry Jauregui
|
0-0: Ground out U3 (Groundball, 3S, EV 70.0 MPH)
|
|
Pinch Hitting: RHB Dan Friess
|
0-0: Swinging Strike 0-1: Ball 1-1: Ball 2-1: Ground out U3 (Groundball, 34, EV 109.4 MPH)
|
|
Pinch Hitting: RHB Brady Jeleniewski
|
0-0: Foul Ball, location: 2F 0-1: Ball 1-1: Foul Ball, location: 2F 1-2: Ball 2-2: Ball 3-2: Foul Ball, location: 2F 3-2: Strikes out swinging
|
| Top of the 5th over - 0 runs, 0 hits, 0 errors, 0 left on base; Detroit 3 - Baltimore 3 |
| BOTTOM OF THE 5TH |
|
Baltimore Orioles batting - Pitching for Detroit Tigers : RHP Melvin Medellin
|
|
Pitching: RHP Chris McCurdy
|
|
|
Now at 2B: Dan Friess
|
|
|
Now at 3B: Brady Jeleniewski
|
|
|
Now at SS: J.J. Basil
|
|
|
Batting: LHB Brian Feher
|
0-0: Ball 1-0: Called Strike 1-1: Ball 2-1: Ball 3-1: DOUBLE (Groundball, 5L, EV 96.9 MPH)
|
|
Batting: RHB Randy Johnson Jr.
|
0-0: Called Strike 0-1: Called Strike 0-2: Foul Ball, location: 2F 0-2: Ball 1-2: Foul Ball, location: 2F 1-2: Foul Ball, location: 2F 1-2: Foul Ball, location: 2F 1-2: Strikes out swinging
|
|
Batting: RHB Alex Rodriguez Jr.
|
0-0: Ball 1-0: Ball 2-0: Called Strike 2-1: Ball 3-1: Base on Balls
|
|
Batting: LHB Ben Goldstein
|
0-0: Ball 1-0: SINGLE (Line Drive, 34, EV 96.9 MPH) Brian Feher to third Alex Rodriguez Jr. to second
|
|
Batting: RHB Travis Leonard
|
0-0: Ball 1-0: Fly out, F8 (Flyball, 8RXD, EV 83.1 MPH) Runner from 3rd tags up, SCORES, no throw by CF Alex Rodriguez Jr. to third
|
|
Batting: RHB Muneer Maudad
|
0-0: Swinging Strike 0-1: Ball 1-1: Ground out 5-3 (Groundball, 56S, EV 88.1 MPH)
|
| Bottom of the 5th over - 1 run, 2 hits, 0 errors, 2 left on base; Detroit 3 - Baltimore 4 |
| TOP OF THE 6TH |
|
Detroit Tigers batting - Pitching for Baltimore Orioles : RHP Bobby Marble
|
|
Pitching: RHP Sam Wilson
|
|
|
Now at 1B: Aldo Questi
|
|
|
Pinch Hitting: LHB Tyler Davis
|
0-0: Called Strike 0-1: Ball 1-1: Ball 2-1: Ball 3-1: Ground out 2-3 (Groundball, 15S, EV 71.2 MPH)
|
|
Batting: RHB Victor Quinones
|
0-0: Called Strike 0-1: Swinging Strike 0-2: Strikes out looking
|
|
Batting: SHB Ross Holland
|
0-0: Ball 1-0: Swinging Strike 1-1: Ball 2-1: Foul Ball, location: 2F 2-2: Foul Ball, location: 2F 2-2: Fly out, F8 (Flyball, 8LM, EV 83.1 MPH)
|
| Top of the 6th over - 0 runs, 0 hits, 0 errors, 0 left on base; Detroit 3 - Baltimore 4 |
| BOTTOM OF THE 6TH |
|
Baltimore Orioles batting - Pitching for Detroit Tigers : RHP Chris McCurdy
|
|
Now in LF: Tyler Davis
|
|
|
Batting: LHB Tsutomu Miyahara
|
0-0: Called Strike 0-1: Ball 1-1: DOUBLE (Flyball, 9LD, EV 102.5 MPH)
|
|
Batting: SHB Eduardo Maldonado
|
0-0: Called Strike 0-1: Ball 1-1: Swinging Strike 1-2: Ball 2-2: Ball 3-2: Base on Balls
|
|
Batting: RHB Bobby Melillo
|
0-0: Ball 1-0: Foul Ball, location: 2F 1-1: Ground out 3-1 (Groundball, 34S, EV 68.8 MPH) Tsutomu Miyahara to third Eduardo Maldonado to second
|
|
Pitching: RHP Steve McGaughey
|
|
|
Batting: LHB Brian Feher
|
0-0: DOUBLE (Flyball, 8RXD, EV 98.8 MPH) Tsutomu Miyahara scores Eduardo Maldonado scores
|
|
Batting: SHB Aldo Questi
|
0-0: Ball 1-0: Foul Ball, location: 2F 1-1: Called Strike Brian Feher steals 3rd base 1-2: Ball 2-2: Ball 3-2: Fly out, F9 (Flyball, 9, EV 89.4 MPH) Runner from 3rd tags up, SCORES, throw by RF
|
|
Batting: RHB Alex Rodriguez Jr.
|
0-0: Ball 1-0: Ball 2-0: Called Strike 2-1: Fly out, F8 (Flyball, 8RM, EV 88.8 MPH)
|
| Bottom of the 6th over - 3 runs, 2 hits, 0 errors, 0 left on base; Detroit 3 - Baltimore 7 |
| TOP OF THE 7TH |
|
Detroit Tigers batting - Pitching for Baltimore Orioles : RHP Sam Wilson
|
|
Pitching: RHP Hector Aguado
|
|
|
Batting: RHB J.J. Basil
|
0-0: Swinging Strike 0-1: Fly out, F8 (Flyball, 89S, EV 83.8 MPH)
|
|
Batting: LHB Bill Ford
|
0-0: Called Strike 0-1: DOUBLE (Line Drive, 3D, EV 96.9 MPH)
|
|
Pinch Hitting: RHB Chris Wheatley
|
0-0: Called Strike 0-1: Ball 1-1: Swinging Strike 1-2: Strikes out swinging
|
|
Batting: RHB Jerry Jauregui
|
0-0: Ground out 4-3 (Groundball, 4, EV 90.6 MPH)
|
| Top of the 7th over - 0 runs, 1 hit, 0 errors, 1 left on base; Detroit 3 - Baltimore 7 |
| BOTTOM OF THE 7TH |
|
Baltimore Orioles batting - Pitching for Detroit Tigers : RHP Steve McGaughey
|
|
Pitching: LHP Bobby Jones
|
|
|
Now at 1B: Chris Wheatley
|
|
|
Batting: LHB Ben Goldstein
|
0-0: Called Strike 0-1: Swinging Strike 0-2: Ball 1-2: Fly out, F9 (Flyball, 9, EV 86.9 MPH)
|
|
Batting: RHB Travis Leonard
|
0-0: Ball 1-0: Ground out 6-3 (Groundball, 6S, EV 74.4 MPH)
|
|
Batting: RHB Muneer Maudad
|
0-0: Ball 1-0: Foul Ball, location: 2F 1-1: Foul Ball, location: 2F 1-2: Strikes out swinging
|
| Bottom of the 7th over - 0 runs, 0 hits, 0 errors, 0 left on base; Detroit 3 - Baltimore 7 |
| TOP OF THE 8TH |
|
Detroit Tigers batting - Pitching for Baltimore Orioles : RHP Hector Aguado
|
|
Pitching: RHP John Piccola
|
|
|
Batting: RHB Dan Friess
|
0-0: Ball 1-0: Swinging Strike 1-1: Swinging Strike 1-2: Foul Ball, location: 2F 1-2: Strikes out looking
|
|
Batting: RHB Brady Jeleniewski
|
0-0: Ground out 4-3 (Groundball, 34, EV 77.5 MPH)
|
|
Batting: LHB Tyler Davis
|
0-0: Ball 1-0: Called Strike 1-1: SINGLE (Line Drive, 8RS, EV 98.8 MPH)
|
|
Batting: RHB Victor Quinones
|
0-0: Fly out, F2 (Popup, 2RF, EV 93.8 MPH)
|
| Top of the 8th over - 0 runs, 1 hit, 0 errors, 1 left on base; Detroit 3 - Baltimore 7 |
| BOTTOM OF THE 8TH |
|
Baltimore Orioles batting - Pitching for Detroit Tigers : LHP Bobby Jones
|
|
Pitching: RHP Chris Kimura
|
|
|
Batting: LHB Tsutomu Miyahara
|
0-0: Called Strike 0-1: Ground out 6-3 (Groundball, 6, EV 103.8 MPH)
|
|
Batting: SHB Eduardo Maldonado
|
0-0: Called Strike 0-1: TRIPLE (Line Drive, 78XD, EV 103.8 MPH)
|
|
Batting: RHB Bobby Melillo
|
0-0: Ball 1-0: Ball 2-0: Ball 3-0: Base on Balls
|
|
Batting: LHB Brian Feher
|
0-0: Ball 1-0: Called Strike 1-1: Ball 2-1: Ball 3-1: Base on Balls Bobby Melillo to second
|
|
Batting: SHB Aldo Questi
|
0-0: Ball 1-0: Ball 2-0: Ball 3-0: Called Strike 3-1: Base on Balls Eduardo Maldonado scores Bobby Melillo to third Brian Feher to second
|
|
Pinch Hitting: SHB Cesar Herrera
|
0-0: Grounds into double play, 4-6-3 (Groundball, 4, EV 91.2 MPH)
|
| Bottom of the 8th over - 1 run, 1 hit, 0 errors, 2 left on base; Detroit 3 - Baltimore 8 |
| TOP OF THE 9TH |
|
Detroit Tigers batting - Pitching for Baltimore Orioles : RHP John Piccola
|
|
Pitching: RHP Jonathan Spicer
|
|
|
Now at 3B: Cesar Herrera
|
|
|
Batting: SHB Ross Holland
|
0-0: Called Strike 0-1: Ball 1-1: Ball 2-1: Ball 3-1: Called Strike 3-2: Fly out, F9 (Flyball, 89D, EV 94.4 MPH)
|
|
Batting: RHB J.J. Basil
|
0-0: Foul Ball, location: 2F 0-1: Ball 1-1: Ball 2-1: Ground out 5-3 (Groundball, 56S, EV 85.0 MPH)
|
|
Batting: LHB Bill Ford
|
0-0: Ball 1-0: TRIPLE (Flyball, 78XD, EV 101.2 MPH)
|
|
Batting: RHB Chris Wheatley
|
0-0: Foul Ball, location: 2F 0-1: Swinging Strike 0-2: Ball 1-2: Foul Ball, location: 2F 1-2: Strikes out swinging
|
| Top of the 9th over - 0 runs, 1 hit, 0 errors, 1 left on base; Detroit 3 - Baltimore 8 |
|